Map: Incorporeal LE

Players

DrMorten - Winner!

  • Race: Protoss Protoss
  • League: Gold
  • Spawn Location: 5:00

ManlyManMeat

  • Race: Protoss Protoss
  • Spawn Location: 11:00

VOD

Have the link to the VOD?

Description

Time

  • Played on: May 16, 2025, 7:07 a.m.
  • Length: 15:32
Show
View Real Time Build Order
Export as new Build Order

DrMorten Protoss - Winner!

Build Orders: Carriers 

Get SALT Encoding   

  1  0:00  Probe  
  13  0:15  Pylon  
  13  0:16  Probe  
  14  0:28  Probe  
  15  0:36  Forge  
  15  0:40  Probe  
  16  0:51  Gateway  
  16  0:55  Probe  
  17  1:07  Gateway  
  17  1:10  Probe  
  18  1:20  Photon Cannon  
  18  1:22  Probe  
  19  1:30  Pylon  
  19  1:47  Assimilator  
  19  1:50  Cybernetics Core  
  19  1:59  Probe  
  19  2:04  Assimilator  
  20  2:17  Photon Cannon, Probe  
  21  2:27  Probe  
  22  2:55  Nexus  
  22  2:58  Probe  
  23  3:06  Stargate  
  23  3:10  Stalker  
  23  3:16  Probe  
  26  3:26  Stargate  
  26  3:33  Pylon  
  26  3:45  Assimilator  
  26  3:48  Assimilator  
  26  4:02  Probe  
  27  4:09  Probe  
  32  4:11  Void Ray  
  32  4:17  Probe  
  32  4:21  Probe  
  34  4:30  Probe  
  39  4:33  Void Ray, Probe  
  40  4:42  Probe  
  40  4:45  Probe  
  42  4:54  Protoss Air Weapons Level 1  
  42  5:01  Robotics Facility  
  42  5:04  Stargate  
  42  5:07  Probe  
  42  5:08  Probe  
  44  5:19  Probe  
  44  5:20  Probe  
  46  5:23  Shield Battery  
  46  5:25  Pylon  
  46  5:32  Probe x2  
  48  5:37  Void Ray  
  52  5:48  Observer  
  53  5:51  Probe  
  53  5:52  Probe  
  53  5:55  Void Ray  
  59  6:05  Protoss Shields Level 1  
  59  6:07  Probe  
  60  6:24  Pylon  
  60  6:32  Pylon  
  64  6:48  Void Ray  
  64  6:52  Probe  
  64  6:53  Probe, Nexus  
  70  7:03  Protoss Air Armor Level 1  
  70  7:05  Void Ray, Pylon  
  70  7:10  Pylon  
  70  7:11  Probe  
  70  7:12  Probe  
  76  7:26  Void Ray  
  76  7:32  Fleet Beacon  
  76  7:40  Probe  
  76  7:41  Probe  
  78  7:45  Shield Battery  
  78  7:47  Shield Battery  
  78  7:52  Probe  
  78  7:53  Probe, Photon Cannon  
  78  7:56  Assimilator  
  80  8:02  Assimilator  
  80  8:04  Probe  
  80  8:05  Probe x2  
  83  8:16  Flux Vanes  
  83  8:17  Probe  
  83  8:19  Void Ray  
  88  8:23  Cybernetics Core  
  88  8:24  Pylon  
  88  8:28  Probe  
  88  8:29  Probe  
  88  8:30  Probe  
  91  8:34  Stargate  
  91  8:50  Probe x2  
  91  8:51  Probe  
  91  8:55  Carrier  
  100  8:59  Carrier  
  106  9:09  Probe  
  107  9:11  Probe  
  107  9:13  Probe  
  109  9:21  Protoss Air Weapons Level 2  
  109  9:22  Carrier  
  115  9:25  Protoss Air Armor Level 2  
  115  9:30  Pylon  
  115  9:37  Pylon  
  115  9:48  Carrier  
  121  10:08  Probe  
  121  10:12  Nexus  
  121  10:26  Carrier  
  121  10:27  Carrier  
  133  10:32  Pylon  
  133  10:39  Pylon  
  133  10:51  Carrier, Assimilator  
  133  10:54  Pylon  
  139  10:58  Carrier, Photon Cannon  
  145  11:04  Pylon  
  145  11:30  Probe  
  146  11:34  Pylon  
  146  11:37  Pylon  
  146  11:41  Carrier, Pylon  
  146  11:43  Probe  
  161  11:52  Mothership  
  161  11:55  Twilight Council, Probe  
  161  11:57  Carrier  
  168  12:07  Probe  
  169  12:08  Assimilator  
  169  12:10  Protoss Air Weapons Level 3  
  169  12:11  Shield Battery  
  169  12:12  Protoss Air Armor Level 3  
  169  12:14  Shield Battery  
  169  12:19  Probe  
  170  12:25  Carrier  
  170  12:26  Carrier  
  182  12:40  Photon Cannon  
  182  12:43  Photon Cannon  
  182  12:45  Photon Cannon  
  182  12:47  Photon Cannon  
  182  12:50  Photon Cannon  
  182  13:02  Shield Battery  
  182  13:20  Carrier  
  182  13:26  Pylon  
  188  13:32  Pylon  
  188  13:39  Pylon  
  188  13:42  Stargate  
  188  13:44  Carrier  
  188  13:46  Stargate  
  188  13:47  Observer  
  177  14:15  Carrier  
  177  14:16  Carrier  
  189  14:19  Stargate  
  189  14:26  Carrier  
  195  14:37  Pylon  
  195  14:42  Pylon  
Show
View Real Time Build Order
Export as new Build Order

ManlyManMeat Protoss 

Build Orders:  

Get SALT Encoding   

  12  0:02  Probe  
  13  0:14  Probe  
  13  0:18  Pylon  
  14  0:22  Probe  
  15  0:32  Probe  
  15  0:38  Gateway  
  16  0:44  Assimilator  
  16  0:47  Probe  
  17  1:01  Probe  
  18  1:08  Gateway  
  18  1:13  Probe  
  19  1:25  Probe  
  19  1:27  Cybernetics Core  
  20  1:45  Zealot  
  21  1:56  Zealot  
  23  2:05  Warp Gate  
  23  2:10  Robotics Facility  
  23  2:15  Nexus  
  23  2:20  Assimilator  
  23  2:51  Pylon  
  23  3:04  Observer  
  23  3:06  Stalker  
  26  3:18  Stalker  
  26  3:25  Pylon  
  28  3:34  Stalker  
  28  3:40  Observer  
  31  3:46  Stalker  
  33  3:59  Probe  
  33  4:02  Observer, Probe  
  33  4:07  Probe  
  33  4:14  Probe  
  35  4:20  Twilight Council  
  35  4:31  Stalker x2  
  35  4:34  Probe x2  
  41  4:41  Pylon  
  41  4:43  Shield Battery  
  41  4:46  Forge, Probe x2  
  41  4:51  Blink  
  42  5:06  Stalker  
  44  5:10  Probe x2  
  46  5:15  Assimilator  
  46  5:16  Observer  
  46  5:21  Photon Cannon  
  46  5:22  Probe  
  47  5:39  Sentry x2  
  51  5:43  Probe  
  51  5:45  Probe  
  51  5:46  Protoss Shields Level 1  
  53  5:55  Probe  
  54  5:57  Probe  
  55  6:27  Probe x2  
  55  6:32  Assimilator  
  57  6:35  Probe x2  
  57  6:39  Nexus  
  59  6:40  Pylon  
  59  6:43  Pylon  
  59  6:45  Probe, Assimilator  
  59  6:47  Gateway  
  59  6:49  Assimilator  
  59  6:51  Gateway  
  60  6:55  Pylon  
  60  6:57  Probe x2  
  62  7:05  Stalker x2  
  66  7:23  Pylon  
  66  7:26  Pylon  
  66  7:39  Stalker  
  66  7:40  Stalker  
  66  7:41  Immortal  
  74  7:54  Dark Shrine  
  74  7:55  Probe  
  74  7:56  Probe x2  
  77  8:02  Shield Battery  
  77  8:03  Shield Battery  
  77  8:05  Probe, Pylon  
  77  8:06  Probe  
  77  8:07  Probe  
  77  8:09  Shield Battery, Photon Cannon  
  80  8:14  Probe  
  80  8:19  Protoss Shields Level 2  
  81  8:33  Robotics Facility  
  81  8:35  Stargate  
  81  8:52  Observer  
  82  8:56  Probe  
  83  9:04  Probe  
  83  9:08  Probe x2  
  86  9:12  Probe, Zealot x4  
  93  9:54  Dark Templar x3  
  93  9:55  Dark Templar  
  101  10:04  Archon x2  
  101  10:12  Gateway  
  101  10:15  Gateway  
  101  10:17  Gateway  
  101  10:19  Gateway  
  101  10:21  Gateway  
  101  10:23  Gateway  
  99  10:40  Zealot x4  
  107  10:43  Protoss Ground Weapons Level 1  
  107  11:03  Pylon  
  107  11:05  Pylon  
  107  11:06  Pylon  
  91  11:28  Fleet Beacon  
  90  11:33  Stalker  
  90  11:34  Stalker x8  
  90  11:35  Stalker  
  106  11:54  Stargate  
  106  11:55  Stargate  
  106  12:13  Dark Templar x2  
  106  12:14  Dark Templar x2  
  106  12:15  Dark Templar x2  
  118  12:16  Dark Templar  
  118  12:18  Dark Templar  
  118  12:20  Archon x3  
  118  12:22  Archon  
  120  12:28  Tempest  
  120  12:32  Pylon  
  120  12:33  Pylon  
  120  12:34  Pylon  
  120  12:35  Pylon  
  124  12:41  Tempest x2  
  124  12:48  Observer  
  133  12:55  Protoss Air Weapons Level 1  
  133  12:57  Pylon x2  
  133  12:59  Pylon  
  133  13:07  Stalker x4  
  133  13:08  Stalker x6  
  153  13:21  Nexus  
  153  13:37  Stalker x9  
  67  14:26  Tempest x3  
  68  14:33  Stalker x6  
  68  14:34  Stalker x2  
  68  14:37  Probe x3  
  68  14:38  Probe  
  84  14:45  Probe  
  87  14:57  Stalker x3  
  87  14:58  Stalker  
Tags
 
Composition
Carriers
League
Gold
Matchup
PvP
Spawn Locations
Cross Positions
Add a new tag
Caveats
  • Supply blocks, unpowered buildings, or Contaminate may cause inaccurate times.
  • Supply counts are checked every 10 seconds.